 Dungeon Crawl Stone Soup version 0.30-a0-358-g0d69a1922f (webtiles) character file.

Game seed: 14561714541651829935

9482 MrRokkomies the Carver (level 12, -15/112 HPs)
             Began as a Meteoran Cinder Acolyte on Nov 10, 2022.
             Was an Initiate of Ignis.
             Demolished by a bog body (25 damage)
             ... on level 2 of the Lair of Beasts.
             The game lasted 00:21:19 (5314 turns).

MrRokkomies the Carver (Meteoran Cinder Acolyte)    Turns: 5314, Time: 00:21:23

Health: -15/112    AC: 15    Str: 17    XL:     12   Next: 5%
Magic:  13/15      EV: 20    Int: 17    God:    Ignis [......]
Gold:   452        SH:  5    Dex: 13    Spells: 8/13 levels left

rFire   + . .      SeeInvis +    a - +4 great sword (vamp)
rCold   . . .      Faith    .    (shield currently unavailable)
rNeg    . . .      Spirit   .    b - +0 robe
rPois   .          Reflect  +    G - +1 helmet
rElec   .          Harm     .    (no cloak)
rCorr   .          Rampage  .    z - +1 pair of gloves
Will    +....                    g - +1 pair of boots
Stlth   +.........               s - amulet of reflection
HPRegen 0.38/turn                t - +4 ring of evasion
MPRegen 0.14/turn                E - ring of see invisible

@: fiery-armoured, slowed, glowing, very slow
A: sense surroundings 2, otherworldly, glowing, explore regen
a: Renounce Religion, Rising Flame


You were on level 2 of the Lair of Beasts.
You worshipped Ignis.
Ignis was noncommittal.
You visited 2 branches of the dungeon, and saw 10 of its levels.
You also visited: Ossuary.

You collected 452 gold pieces.

Inventory:

Hand Weapons
 a - a +4 vampiric great sword (weapon)
 l - a -1 falchion of flaming
 y - a +0 longbow
 D - a +2 long sword of holy wrath
Missiles
 d - 6 poisoned darts (quivered)
Armour
 b - a +0 robe (worn)
 g - a +1 pair of boots (worn)
 z - a +1 pair of gloves (worn)
 G - a +1 helmet (worn)
Magical Staves
 k - a staff of air
Jewellery
 h - a ring of flight
 m - an amulet of guardian spirit
 s - an amulet of reflection (around neck)
 t - a +4 ring of evasion (left hand)
 E - a ring of see invisible (right hand)
Wands
 i - a wand of polymorph (21)
 j - a wand of charming (4)
 C - a wand of digging (3)
Scrolls
 e - a scroll of amnesia
 n - 2 scrolls of teleportation
 x - 2 scrolls of fog
 J - a scroll of magic mapping
Potions
 c - 7 potions of brilliance
 f - a potion of magic {unknown}
 o - 3 potions of cancellation
 p - 2 potions of attraction
 q - 3 potions of heal wounds {unknown}
 u - a potion of curing
 v - 2 potions of mutation {unknown}
 w - 2 potions of flight {unknown}
 A - a potion of haste {unknown}
 B - a potion of resistance {unknown}


   Skills:
 * Level 12.2 Fighting
 * Level 13.2 Long Blades
 + Level 8.9 Dodging
 - Level 1.3 Spellcasting
 - Level 5.0 Fire Magic
 + Level 4.9 Air Magic


You had 8 spell levels left.
You knew the following spells:

 Your Spells              Type           Power      Damage    Failure   Level
a - Scorch                Fire           36%        2d6       4%          2
b - Vhi's Electric Charg  Tloc/Air       18%        N/A       22%         3

Your spell library contained the following spells:

 Spells                   Type           Power      Damage    Failure   Level
 Static Discharge         Conj/Air       18%        2-3/arc   12%         2
 Cigotuvi's Dreadful Rot  Necr/Pois/Air  12%        N/A       16%         2
 Summon Small Mammal      Summ           4%         N/A       21%         1
 Call Canine Familiar     Summ           1%         N/A       52%         3
 Summon Guardian Golem    Hex/Summ       1%         N/A       52%         3
 Dispel Undead            Necr           1%         3d6       90%         4
 Summon Ice Beast         Ice/Summ       1%         N/A       90%         4
 Arcjolt                  Conj/Air       4%         1d14      91%         5
 Lightning Bolt           Conj/Air       4%         1d16      91%         5
 Summon Mana Viper        Hex/Summ       1%         N/A       99%         5
 Death Channel            Necr           0%         N/A       100%        6
 Monstrous Menagerie      Summ           0%         N/A       100%        7


Dungeon Overview and Level Annotations

Branches:
Dungeon (8/15) Zot: 510    Temple (0/1) D:6            Lair (2/5) D:8 Zot: 450
  Swamp (0/4) Lair:2      Ossuary (visited)
  Snake: Lair:2-3    Spider: Lair:2-3

Altars:
Ashenzari
Gozag
Nemelex Xobeh
Sif Muna
Vehumet

Annotations:
D:4 3 runed translucent doors, Zarkath's ghost, amateur FoWr
D:6 3 runed translucent doors, nfeknkrwl's ghost, novice MiFi
Lair:2 Sonja


Innate Abilities, Weirdness & Mutations

You passively map the area around you.
You are easily found by Zot.
You glow in the dark.
You regain HP and MP as you explore.


Message History

You can no longer call a swarm of foxfires against your foes.
You feel sick.
The rime drake bites you but does no damage.
The rime drake is burned by your cloak of flames.
The rime drake is almost dead.
You hit the rime drake.
The rime drake is almost dead.
The sentinel's mark upon you fades away.
The ice encasing you melts away.
You feel sick. The rime drake breathes ice at you.
The icy flash freeze misses you.
You slice the rime drake!!
You feel better.
You kill the rime drake!
You feel sick.
You feel sick.
You barely miss the bog body.
You feel sick.
The bog body touches you but does no damage.
The bog body resists.
The bog body is burned by your cloak of flames.
The bog body is lightly damaged.
You closely miss the bog body.
The bog body is lightly damaged.
You feel sick.
You are no longer poisoned.
The bog body casts a spell at you.
You feel yourself slow down.
Casting: Scorch (safe; 4% risk of failure)
Confirm with . or Enter, or press ? or * to list all spells.
Flames lash the bog body.
The bog body resists.
The bog body is lightly damaged.
The bog body's fire resistance burns away.
The bog body touches you! The bog body freezes you!!
* * * LOW HITPOINT WARNING * * *
The bog body is burned by your cloak of flames.
The bog body is lightly damaged.
The bog body touches you.
* * * LOW HITPOINT WARNING * * *
The bog body freezes you!!
You die...

,, , ,, , ###
* * , #.####
* ,* #....* ,
,,* #...####
, , *
#...#..#
#n....## * ,,
. #@###..##
..
##.##...###*
...
###..†.#.##
#.. #.......#
,#.
#......### **
#
##.....n.####
#
##........P#
* #........##
##.......##


You could see a bog body (combustible).

Vanquished Creatures
  A bog body (Lair:2)
  Pikel (D:6)
  6 black mambas
  3 cane toads (Lair:2)
  A rime drake (Lair:2)
  5 blink frogs (Lair:1)
  6 yaks
  A wyvern (Lair:2)
  2 wargs
  5 water moccasins
  2 orc warriors
  3 sky beasts
  A black bear (D:5)
  An ogre (D:5)
  3 centaurs
  A kobold brigand (D:7)
  8 bullfrogs
  A necrophage (D:5)
  3 scorpions
  A water moccasin zombie (Ossuary)
  A wight (Ossuary)
  3 killer bees (D:7)
  An electric eel (Lair:2)
  3 bullfrog zombies (Ossuary)
  2 centaur zombies (Ossuary)
  3 hounds
  4 orc priests (D:8)
  A gnoll bouda (D:5)
  2 iguanas
  2 scorpion zombies (Ossuary)
  5 orc wizards
  2 ogre zombies (Ossuary)
  Robin (D:2)
  4 gnolls
  5 adders
  A white imp (D:5)
  2 ufetubi
  3 adder zombies (Ossuary)
  4 worms
  A dart slug (D:2)
  25 orcs
  5 bats
  An endoplasm (D:3)
  3 gnoll zombies (Ossuary)
  12 goblins
  8 hobgoblins
  4 jackals (D:4)
  3 quokkas
  8 ball pythons
  3 frilled lizards (D:1)
  2 goblin zombies (Ossuary)
  2 hobgoblin zombies (Ossuary)
  6 kobolds
  6 orc zombies (Ossuary)
  2 rats
195 creatures vanquished.

Vanquished Creatures (collateral kills)
  A foxfire (Lair:1)
1 creature vanquished.

Vanquished Creatures (others)
  67 foxfires
  5 fungi (Lair:2)
  9 plants
81 creatures vanquished.

Grand Total: 277 creatures vanquished

Notes
Turn   | Place    | Note
-------+----------+-------------------------------------------
     0 | D:1      | MrRokkomies the Meteoran Cinder Acolyte began the quest for
                  | the Orb.
     0 | D:1      | Reached XP level 1. HP: 19/19 MP: 3/3
    54 | D:1      | Reached XP level 2. HP: 23/26 MP: 5/5
   182 | D:1      | Learned a level 2 spell: Scorch
   192 | D:1      | Reached skill level 4 in Long Blades
   208 | D:1      | Reached XP level 3. HP: 12/31 MP: 3/6
   405 | D:1      | Reached skill level 1 in Dodging
   527 | D:2      | Noticed Robin
   534 | D:2      | Killed Robin
   535 | D:2      | Reached XP level 4. HP: 30/40 MP: 7/7
   683 | D:2      | Reached XP level 5. HP: 40/46 MP: 5/8
  1308 | D:3      | You fall into a shaft and drop 1 floor!
  1317 | D:4      | Learned a level 3 spell: Vhi's Electric Charge
  1345 | D:4      | Found a radiant altar of Vehumet.
  1359 | D:4      | Reached skill level 5 in Long Blades
  1359 | D:4      | Reached XP level 6. HP: 53/53 MP: 9/9
  1452 | D:4      | Found a sand-covered staircase.
  1459 | Ossuary  | Entered an ossuary
  1520 | Ossuary  | Reached skill level 5 in Fighting
  1542 | Ossuary  | Reached XP level 7. HP: 49/61 MP: 7/10
  1597 | Ossuary  | Reached skill level 6 in Long Blades
  1610 | Ossuary  | Reached skill level 5 in Fire Magic
  1660 | Ossuary  | Reached XP level 8. HP: 9/70 MP: 2/11
  1719 | Ossuary  | Noticed a silent spectre
  1922 | D:4      | Found a shimmering blue altar of Sif Muna.
  1922 | D:4      | Found a sparkling altar of Nemelex Xobeh.
  1923 | D:4      | Found an opulent altar of Gozag.
  2148 | D:4      | Found a runed translucent gate.
  2149 | D:4      | Found a runed translucent gate.
  2150 | D:4      | Found a runed translucent gate.
  2151 | D:4      | Noticed Zarkath's ghost (amateur FoWr)
  2299 | D:5      | Entered Level 5 of the Dungeon
  2333 | D:5      | Reached skill level 7 in Long Blades
  2392 | D:5      | Found a broken altar of Ashenzari.
  3029 | D:6      | Noticed Pikel
  3041 | D:6      | Killed Pikel
  3042 | D:6      | Reached skill level 8 in Long Blades
  3042 | D:6      | Reached skill level 5 in Dodging
  3042 | D:6      | Gained mutation: You passively map the area around you.
                  | [Meteoran growth]
  3042 | D:6      | Reached XP level 9. HP: 75/81 MP: 12/12
  3165 | D:6      | Reached skill level 9 in Long Blades
  3405 | D:6      | Found a runed translucent gate.
  3405 | D:6      | Found a runed translucent gate.
  3405 | D:6      | Found a runed translucent gate.
  3406 | D:6      | Noticed nfeknkrwl's ghost (novice MiFi)
  3508 | D:6      | Found a staircase to the Ecumenical Temple.
  3853 | D:7      | Reached XP level 10. HP: 85/91 MP: 5/13
  4084 | D:7      | Reached skill level 10 in Long Blades
  4310 | D:8      | Reached skill level 10 in Fighting
  4390 | D:8      | Reached skill level 11 in Long Blades
  4542 | D:8      | Found a staircase to the Lair.
  4579 | Lair:1   | Entered Level 1 of the Lair of Beasts
  4607 | Lair:1   | Noticed a black mamba
  4613 | Lair:1   | Killed a black mamba
  4614 | Lair:1   | Reached skill level 1 in Air Magic
  4616 | Lair:1   | Noticed a black mamba
  4631 | Lair:1   | Killed a black mamba
  4632 | Lair:1   | Reached XP level 11. HP: 20/101 MP: 10/14
  4650 | Lair:1   | Noticed a black mamba
  4657 | Lair:1   | Killed a black mamba
  4658 | Lair:1   | Reached skill level 12 in Long Blades
  4840 | Lair:1   | Noticed a death yak
  4844 | Lair:1   | Noticed a death yak
  4847 | Lair:1   | Noticed a death yak
  4847 | Lair:1   | Noticed a death yak
  4849 | Lair:1   | Noticed a death yak
  4849 | Lair:1   | Noticed a death yak
  5008 | Lair:2   | Noticed a black mamba
  5016 | Lair:2   | Killed a black mamba
  5031 | Lair:2   | Noticed a black mamba
  5037 | Lair:2   | Killed a black mamba
  5090 | Lair:2   | Noticed a black mamba
  5091 | Lair:2   | Noticed Sonja
  5122 | Lair:2   | Killed a black mamba
  5233 | Lair:2   | Noticed a bog body
  5237 | Lair:2   | Found a staircase to the Swamp.
  5245 | Lair:2   | Killed a bog body
  5246 | Lair:2   | Reached skill level 13 in Long Blades
  5293 | Lair:2   | Noticed a bog body
  5294 | Lair:2   | Reached XP level 12. HP: 70/112 MP: 15/15
  5314 | Lair:2   | Demolished by a bog body

Illustrated notes

Levels and vault maps discovered:
D:1:      psy_arrival_fountain, layout_rooms
D:2:      layout_basic, uniq_robin
D:3:      layout_loops_ring, minmay_overflow_temple_star_quad,
          serial_co_window_serial, co_window_paths_b,
          co_window_of_opportunity_a, co_window_of_opportunity_a,
          co_window_corner_a, co_window_paths_a, co_window_corner_ca,
          co_window_corner_ca, co_window_of_opportunity_b, co_window_broadway_a,
          co_window_unsneaky_path_c, co_window_4corner_a, co_window_paths_e,
          glass_columns_a, glass_columns_c, glass_columns_b, glass_columns_a,
          glass_columns_a, lightli_sewer_entry_pipes
D:4:      layout_loops_ring, gammafunk_temple_overflow_claw, old_standard_altar,
          chequers_ossuary_entry_cave, gammafunk_ghost_necromancy
D:5:      layout_gridville, ashenzari_conservatory_becter,
          nicolae_shop_self_help
D:6:      layout_basic, minmay_temple_entry_enclosed_plants,
          gammafunk_ghost_nasty_kobolds, uniq_pikel
D:7:      layout_gridville
D:8:      layout_layer_cave, erik_lair_orcish_takeover, kennysheep_minor_cross,
          uniq_maggie
Lair:1:   layout_long_grid, serial_bayou_shore_b
Lair:2:   layout_hall_layers, skrybe_swamp_entry_bodies, serial_bayou_lagoon_a,
          lemuel_fruit_tree, infiniplex_staircase_pool, serial_bayou_shore_a,
          uniq_sonja

Skill      XL: |  1  2  3  4  5  6  7  8  9 10 11 |
---------------+----------------------------------+-----
Long Blades    | 4 5 6 8 9 11 13 | 13.2
Dodging        | 1 2 3 5 6 7 8 |  8.9
Fighting       | 4 5 6 8 9 10 12 | 12.2
Fire Magic     | 4 5 |  5.0
Air Magic      | 1 4 |  4.9
Spellcasting   | |  1.3

Action                   |  1- 3 |  4- 6 |  7- 9 | 10-12 || total
-------------------------+-------+-------+-------+-------++-------
Melee: Falchion          |    85 |       |       |       ||    85
       Long sword        |    10 |   121 |   253 |   127 ||   511
       Punch             |     1 |     1 |     3 |     4 ||     9
       Great sword       |       |       |       |   110 ||   110
Throw: Dart              |       |       |    11 |    11 ||    22
 Cast: Scorch            |     1 |     7 |     7 |    27 ||    42
Invok: Foxfire Swarm     |       |       |     3 |     1 ||     4
       Fiery Armour      |       |       |     1 |     5 ||     6
  Use: Scroll            |     5 |     5 |     4 |    13 ||    27
       Potion            |       |     1 |     2 |     3 ||     6
Armor: Robe              |    36 |    47 |    94 |    65 ||   242
       Skin              |       |       |     3 |       ||     3
Dodge: Dodged            |    51 |    53 |   158 |   219 ||   481
Block: Other             |       |       |    29 |    62 ||    91
       Reflection        |       |       |       |     1 ||     1

Table legend: (Time is in decaauts)
 A = Elapsed time spent in this place.
 B = Non-inter-level travel time spent in this place.
 C = Inter-level travel time spent in this place.
 D = Time resting spent in this place.
 E = Time spent auto-exploring this place.
 F = Levels seen in this place.
 G = Mean time per level.
                   A        B        C        D        E       F      G
               +--------+--------+--------+--------+--------+-----+--------+
         Total |   5346 |   5107 |    239 |     41 |   2243 |  11 |  486.0 |
       Dungeon |   4289 |   4120 |    169 |      5 |   2231 |   8 |  536.1 |
          Lair |    747 |    678 |     69 |      2 |     12 |   2 |  373.5 |
       Ossuary |    309 |    309 |      0 |     34 |      0 |   1 |  309.0 |
               +--------+--------+--------+--------+--------+-----+--------+

Top non-repeatable levels by time:
     D:4: 699 daAuts
     D:6: 677 daAuts
     D:3: 599 daAuts
     D:5: 596 daAuts
     D:7: 573 daAuts
     D:1: 467 daAuts
     D:8: 413 daAuts
  Lair:1: 379 daAuts
  Lair:2: 368 daAuts
 Ossuary: 309 daAuts
     D:2: 263 daAuts
